 Dungeon Crawl Stone Soup version 0.23.2-1-ga50397a6bc (webtiles) character file.

Game seed: 3185176851390460248

223 Morrissey the Ducker (level 5, -1/42 HPs)
             Began as a Spriggan Berserker on June 1, 2019.
             Was a Priest of Trog.
             Slain by an orc wizard
             ... wielding a +3 dagger
              (4 damage)
             ... on level 3 of the Dungeon.
             The game lasted 00:08:59 (3860 turns).

Morrissey the Ducker (Spriggan Berserker)           Turns: 3860, Time: 00:08:59

Health: -1/42      AC:  2    Str: 18 (19) XL:     5   Next: 66%
Magic:  6/6        EV: 20    Int:  7 (9)  God:    Trog [***...]
Gold:   167        SH:  0    Dex: 14 (15) Spells: 4/4 levels left

rFire    . . .     SeeInvis +   a - +0 short sword
rCold    . . .     Gourm    .   (shield restricted)
rNeg     . . .     Faith    .   d - +0 animal skin
rPois    .         Spirit   .   (helmet restricted)
rElec    .         Reflect  .   (no cloak)
rCorr    .         Harm     .   (gloves unavailable)
MR       .....                  (boots unavailable)
Stlth    ..........             (no amulet)
HPRegen  0.14/turn              (no ring)
MPRegen  0.10/turn              (no ring)

@: berserking, very quick
A: very small, unfitting armour, see invisible, herbivore, speed 3, slow
metabolism 2
a: Berserk, Trog's Hand, Renounce Religion


You were on level 3 of the Dungeon.
You worshipped Trog.
Trog was most pleased with you.
You were near starving.

You visited 1 branch of the dungeon, and saw 4 of its levels.

You collected 167 gold pieces.

Inventory:

Hand Weapons
 a - a +0 short sword (weapon)
 b - a +0 hunting sling
Missiles
 e - 41 stones (quivered)
 l - 48 arrows
Armour
 d - a +0 animal skin (worn)
 n - a +0 buckler
Jewellery
 g - an uncursed amulet of regeneration {unknown}
Scrolls
 f - 3 scrolls of remove curse {unknown}
 h - 2 scrolls of enchant armour {unknown}
Potions
 i - a potion of ambrosia {unknown}
 k - a potion of cancellation {unknown}
 o - a potion of mutation {unknown}
 p - a potion of resistance {unknown}
Comestibles
 c - 7 rations


   Skills:
 - Level 3.1 Fighting
 * Level 5.1 Short Blades
 + Level 5.8 Dodging
 + Level 3.7 Stealth


You had 4 spell levels left.
You didn't know any spells.
Your spell library was empty.

Dungeon Overview and Level Annotations

Branches:
Dungeon (4/15)
 Temple: D:4-7

Altars:
Ashenzari
Fedhas
Vehumet
Zin


Innate Abilities, Weirdness & Mutations

You are very small and have problems with some larger weapons.
You are too small for most types of armour.
You have supernaturally acute eyesight. (SInv)
You are a herbivore.
You cover ground extremely quickly.
You need to consume almost no food.


Message History

Press: ? - help, Shift-Dir - straight line, f/p - orc wizard
Aim: an orc wizard, wielding a +3 dagger and wearing a +0 robe (heavily wounded, fast)
You shoot a stone.
The stone hits the orc wizard but does no damage.
The orc wizard is heavily wounded.
The orc wizard closely misses you.
a - a +0 short sword (weapon)
Your skin stops crawling.
You feel less resistant to hostile enchantments.
The orc wizard hits you with a +3 dagger!
* * * LOW HITPOINT WARNING * * *
It was a potion of degeneration.
There was something very wrong with that liquid.
You feel weakened.
You feel dopey.
You feel clumsy. The orc wizard misses you. x2
A red film seems to cover your vision as you go berserk!
You feel yourself moving faster!
You feel mighty!
You are near starving!
The orc wizard hits you with a +3 dagger.
You die...

######.# #..........##.#.#
#.# #.(##.##.##...#.# #.#
#...........<.#.#
#.########.....÷.÷.......#
#............#.##.###....#
#
##########...#...........#
# #......(.####.###...## #
#.#####.## #.##....# # #.#
#@# #.#..#..# # #.# #o#
#.#.....# # #.# #(#
#.#.#.#.# ###### #.# #.#
##.#.#.#.# .....#####.##
#(# ##..#.#.#.##
#....)..##..#
#.###.....#.#..#
#.#####.##..#
#(...§>...#.##.# #.#
#.###.######..>....#.##.#
..#
##.#.._............>..##.#


You could see an orc wizard.

Vanquished Creatures
  A centaur skeleton (D:3)
  An orc wizard (D:3)
  8 adders
  A worm (D:2)
  3 dart slugs (D:1)
  3 leopard geckos (D:1)
  5 orcs (D:3)
  8 bats
  4 giant cockroaches (D:1)
  9 goblins
  13 hobgoblins
  8 jackals (D:3)
  4 kobolds
  2 quokkas (D:2)
  2 ball pythons
  5 frilled lizards
  4 rats
81 creatures vanquished.

Notes
Turn   | Place    | Note
-------+----------+-------------------------------------------
     0 | D:1      | Morrissey the Spriggan Berserker began the quest for the
                  | Orb.
     0 | D:1      | Reached XP level 1. HP: 11/11 MP: 2/2
   229 | D:1      | Reached skill level 1 in Stealth
   229 | D:1      | Reached XP level 2. HP: 16/16 MP: 3/3
   674 | D:1      | Reached XP level 3. HP: 13/19 MP: 4/4
  1045 | D:2      | Reached ** piety under Trog
  1279 | D:2      | Found a glowing silver altar of Zin.
  1412 | D:1      | Reached skill level 5 in Dodging
  1609 | D:2      | Found a radiant altar of Vehumet.
  1787 | D:2      | Reached XP level 4. HP: 23/23 MP: 5/5
  1949 | D:2      | Found a blossoming altar of Fedhas.
  2546 | D:3      | Reached XP level 5. HP: 17/28 MP: 6/6
  2790 | D:3      | Found a shattered altar of Ashenzari.
  3279 | D:3      | Reached *** piety under Trog
  3504 | D:3      | Received a gift from Trog
  3586 | D:3      | Reached skill level 5 in Short Blades
  3860 | D:3      | Slain by an orc wizard

Skill      XL: |  1  2  3  4  5 |
---------------+----------------+-----
Stealth        | 1 2 3 |  3.7
Short Blades   | 4 5 |  5.1
Dodging        | 5 |  5.8
Fighting       | 3 |  3.1

Action                   |  1- 3 |  4- 6 || total
-------------------------+-------+-------++-------
Melee: Short sword       |    76 |    99 ||   175
       Hunting sling     |       |     1 ||     1
 Fire: Hunting sling     |   101 |   129 ||   230
Invok: Berserk           |       |     1 ||     1
       Trog's Hand       |       |     1 ||     1
  Use: Potion            |     1 |     2 ||     3
 Stab: Distracted        |       |     1 ||     1
Armor: Animal skin       |    12 |    10 ||    22
Dodge: Dodged            |    81 |   134 ||   215
